[Event "Lliga Catalana DH 2023"]
[Site "Catalonia"]
[Date "2023.03.25"]
[Round "10.10"]
[White "Jimenez Ruano, Adrian"]
[Black "Perez Manas, Benjamin"]
[Result "1-0"]
[ECO "D27"]
[WhiteElo "2235"]
[BlackElo "2192"]
[Annotator "TA"]
[PlyCount "79"]
[EventDate "2023.01.24"]
[EventType "team-tourn"]
[EventCountry "ESP"]
[SourceTitle "playchess.com"]
[Source "ChessBase"]
[SourceQuality "1"]
[TimeControl "40/5400+30:1800+30"]

1. d4 d5 2. c4 dxc4 3. Nf3 Nf6 4. e3 e6 5. Bxc4 a6 6. O-O c5 7. a4 Nc6 8. Qe2 cxd4 9. Rd1 Bd6 {[%emt 0:14:52] D27: Queen's Gambit Accepted: Classical main line: 7 e4!? and 7 a4.} 10. exd4 {[%emt 0:02:15] [#] d5 would be deadly.} O-O 11. Nc3 h6 {[%emt 0:26:34] Against Bg5. The position is equal.} 12. Ne5 {[%emt 0:17:49] [#]} Nb4 $146 ({Predecessor:} 12... Qc7 13. Bf4 Rd8 14. Rac1 Bd7 15. Ne4 Nxe4 16. Qxe4 Be8 17. h4 Qe7 18. Bg3 Rac8 {0-1 Mohammad,N (2461)-Ganguly,S (2589) MPL Indian Chess Tour N4 rapid 2022 (8)}) 13. Bf4 Nbd5 (13... Nfd5 $5 14. Bg3 b6 $11) 14. Bg3 b6 15. Nxd5 Nxd5 16. Bxd5 exd5 17. Nc6 Qd7 18. Bxd6 Qxd6 19. Rac1 (19. Ne7+ {looks sharper.} Kh7 20. Qe5 Rd8 21. Rac1) 19... Be6 20. Qe5 Qd7 {[%emt 0:00:35] Black is weak on the dark squares} 21. b4 Rfe8 {[%emt 0:00:56][%cal Bf8e8,Be8e6,Be6g6,Bg6g5,Bg5a5][%mdl 32] [#] White must now prevent ...Bg4.} (21... Rfc8 $5 22. b5 $8 f6 $11) 22. Qf4 Bg4 23. f3 Bh5 24. a5 bxa5 25. bxa5 Re6 26. Ne5 Qa4 27. Qf5 Bg6 $1 28. Nxg6 Rxg6 29. Qxd5 Rb8 30. Rd2 Qa3 31. Rdc2 $36 {[%emt 0:03:52][%mdl 2048] White is more active.} Rg5 {[%emt 0:03:17] Repels h3} 32. Qe4 {[%emt 0:00:57] Prevents Qe3+} g6 (32... Rd8 $1 $11) 33. h4 (33. Rc8+ $16 Kh7 34. h4) 33... Rxa5 $11 34. Rc8+ Kg7 $1 35. d5 {[%emt 0:01:01] Threatening mate with Qd4+.} Rxc8 (35... Qb2 {with more complications.} 36. Kh2 Rxc8 37. Rxc8 Ra2) 36. Rxc8 Qa1+ {[%emt 0:01:06][%mdl 8192] Black cannot hold the game after this.} (36... Qb2 $11 37. Kh2 Ra2) 37. Kh2 $18 {[%emt 0:00:11] Qe8 would kill now.} Qf6 38. Qb4 {[%emt 0:00:31] Intending Qf8+ and mate.} Qe5+ 39. f4 Qxd5 40. Qc3+ {[%emt 0:00:26] Weighted Error Value: White=0.09 (flawless) /Black=0.29 (precise)} 1-0

[Event "Lliga Catalana DH 2023"]
[Site "Catalonia"]
[Date "2023.03.25"]
[Round "10.10"]
[White "Gomez Jurado, Luis Alberto"]
[Black "Vehi Bach, Victor Manuel"]
[Result "1/2-1/2"]
[ECO "A37"]
[WhiteElo "2048"]
[BlackElo "2242"]
[Annotator "TA"]
[PlyCount "70"]
[EventDate "2023.01.24"]
[EventType "team-tourn"]
[EventCountry "ESP"]
[SourceTitle "playchess.com"]
[Source "ChessBase"]
[SourceQuality "1"]
[TimeControl "40/5400+30:1800+30"]

1. Nf3 c5 2. c4 g6 3. g3 Bg7 4. Bg2 Nc6 5. Nc3 Nh6 6. h4 d6 7. h5 {A37: Symmetrical English vs ...g6: 4 Bg2 Bg7 5 Nf3.} Nf5 8. e3 {[#]} (8. d3 $14) 8... e6 $146 ({Predecessor:} 8... Qd7 9. a3 e6 10. Rb1 b6 11. g4 Nfe7 12. d4 gxh5 13. Rxh5 Bb7 14. dxc5 Bxc3+ 15. bxc3 dxc5 16. Qxd7+ Kxd7 {1-0 Jovic,S (2206)-Isajevsky,A (2403) Titled Tuesday intern op 22nd Dec blitz 2020 (11)}) 9. g4 Nh6 10. g5 Nf5 11. Ne2 (11. h6 $5 Bf8 12. O-O $14) 11... e5 12. h6 Bf8 13. Nc3 (13. d4 $142) 13... f6 (13... Be7 $11) 14. gxf6 $1 $16 Qxf6 {[#]} 15. Nd5 (15. d4 $1 $16) 15... Qd8 $11 16. d3 Nxh6 17. Nd2 Bg7 18. Qf3 Bg4 (18... Nf5 $1 $15) 19. Qg3 {[%cal Oh1h6] And now Rxh6! would win.} Be6 20. Bh3 {[#]} (20. Ne4 $11 {keeps the balance.}) 20... Bxh3 ({Black should try} 20... Bxd5 $1 $17 21. cxd5 Nb4) 21. Rxh3 Ne7 22. Ne4 Nxd5 23. cxd5 Qe7 (23... O-O {is more complex.} 24. Ng5 Nf5 25. Qg2 h5) 24. Ng5 (24. Qg2 $5) 24... Nf5 25. Qg2 Bf6 26. Ne6 (26. Nxh7 $1 $11 Bh4 27. Ng5 (27. Qxg6+ Qf7 $11)) 26... Ng7 (26... Qf7 $1 $15) 27. Rxh7 $1 {[%mdl 64] Remove Defender, Decoy. The position is equal.} Rxh7 28. Qxg6+ Kd7 29. Qxh7 Nxe6 30. dxe6+ Kxe6 31. Qh3+ Kf7 32. Qh5+ Ke6 33. Qg4+ Kf7 34. Qh5+ Ke6 35. Qg4+ Kf7 {Weighted Error Value: White=0.22 (precise) /Black=0.21 (precise)} 1/2-1/2